 Dungeon Crawl Stone Soup version 0.19-a0-262-g5df7875 (webtiles) character file.

2110 Kidiri the Chucker (level 9, -1/88 HPs)
             Began as a Troll Hunter on May 25, 2016.
             Slain by Prince Ribbit (15 damage)
             ... on level 8 of the Dungeon.
             The game lasted 00:17:06 (6357 turns).

Kidiri the Chucker (Troll Hunter)                   Turns: 6357, Time: 00:17:07

Health: -1/88      AC:  7    Str: 24    XL:     9   Next: 7%
Magic:  8/8        EV: 11    Int:  7    God:
Gold:   331        SH:  0    Dex: 11    Spells: 0 memorised, 8 levels left

rFire  . . .     SeeInvis .       - Unarmed
rCold  . . .     Gourm    +     b - +0 robe
rNeg   . . .     Faith    +     (no shield)
rPois  .         Spirit   .     (helmet restricted)
rElec  .         Dismiss  .     q - +1 cloak
rCorr  .         Reflect  .     (gloves unavailable)
SustAt .         Harm     .     (boots unavailable)
MR     .....                    o - amulet of faith
Stlth  +.........               (no ring)
                                (no ring)

@: not resistant to hostile enchantments, very unstealthy
A: unfitting armour, claws 3, blurry vision 1, fast metabolism 3, gourmand,
regeneration 2, shaggy fur 1, tough skin 2
a: no special abilities


You were on level 8 of the Dungeon.
You were completely stuffed.

You visited 2 branches of the dungeon, and saw 9 of its levels.

You collected 331 gold pieces.

Inventory:

Missiles
 c - 7 large rocks (quivered)
 d - 2 throwing nets
 k - 86 stones
 v - 4 tomahawks
 y - 4 javelins
Armour
 b - a +0 robe (worn)
 q - a +1 cloak (worn)
Jewellery
 o - an amulet of faith (around neck)
Wands
 u - a wand of acid (10/15)
 w - a wand of iceblast (13/15)
Scrolls
 g - a scroll of teleportation
 i - 5 scrolls of remove curse
 m - 2 scrolls of recharging
 A - a scroll of identify
Potions
 a - a potion of curing
 e - 4 potions of lignification
 h - a potion of magic
 j - 2 potions of cancellation
 l - 3 potions of agility
 n - a potion of cure mutation
 r - a potion of berserk rage {unknown}
 t - 2 potions of beneficial mutation {unknown}
 x - 3 potions of flight {unknown}
 z - 2 potions of might {unknown}
 B - a potion of brilliance {unknown}
Comestibles
 f - 5 bread rations
 p - 2 beef jerkies
 s - a meat ration


   Skills:
 * Level 5.2 Fighting
 * Level 6.6 Throwing
 + Level 2.9 Armour
 * Level 5.1 Dodging
 - Level 0.4 Stealth
 + Level 4.0 Unarmed Combat
 + Level 0.3 Evocations


You had 8 spell levels left.
You didn't know any spells.

Dungeon Overview and Level Annotations

Branches:
Dungeon (8/15)             Temple (1/1) D:7
   Lair: D:8-11

Altars:
Ashenzari
Cheibriados
Dithmenos
Elyvilon
Fedhas
Gozag
Hepliaklqana
Kikubaaqudgha
Makhleb
Ru
Sif Muna
Trog
Ukayaw
Vehumet
Zin
The Shining One

Annotations:
D:8 Prince Ribbit


Innate Abilities, Weirdness & Mutations

You are too large for most types of armour.
You have claws for hands.
Your metabolism is lightning-fast.
You like to eat raw meat.
You heal very quickly.
You are covered in fur. (AC +1)
You have very tough skin. (AC +2)
Scrolls take you a little longer to read.


Message History

* * * LOW HITPOINT WARNING * * *
There is a stone staircase leading up here.
Unknown command.
Drink which item? (? for menu, Esc to quit)
Okay, then.
Unknown command.
Evoke which item? (* to show all) (? for menu, Esc to quit)
Okay, then.
Unknown command.
Unknown command.
Drink which item? (? for menu, Esc to quit)
You feel better. Prince Ribbit barely misses you.
Drink which item? (? for menu, Esc to quit)
You feel better. Prince Ribbit hits you.
* * * LOW HITPOINT WARNING * * *
Drink which item? (? for menu, Esc to quit)
You feel better. Prince Ribbit hits you!
* * * LOW HITPOINT WARNING * * *
Prince Ribbit hits you!
You die...

####
##...
###...#
.(...(
#...#
#((#
####(#
#.@F.#
#...(#
#...##
##.##
#.# #.#
#.# #.#


You could see Prince Ribbit.

Vanquished Creatures
  The ghost of no0bjke the Ducker, an amateur TrWz (D:4)
  A water moccasin (D:5)
  An orc warrior (D:6)
  2 sky beasts
  An ice beast (D:6)
  3 ogres
  A wasp (D:7)
  A necrophage (D:5)
  3 giant frogs
  4 scorpions
  3 howler monkeys
  An orc wizard (D:7)
  2 hounds
  A jelly (D:6)
  2 giant frog skeletons
  Terence (D:3)
  An iguana (D:5)
  5 worker ants
  A killer bee zombie (D:7)
  A hound skeleton (D:7)
  7 adders
  2 oozes
  An adder skeleton (D:5)
  4 worms
  4 dart slugs
  7 giant geckos
  14 orcs
  4 giant cockroaches
  12 goblins
  8 hobgoblins
  3 quokkas
  4 bats
  2 giant gecko zombies (D:5)
  5 giant newts
  2 jackal skeletons
  8 kobolds
  A quokka skeleton (D:5)
  14 rats
  2 bushes (D:3)
  2 plants (D:5)
142 creatures vanquished.

Notes
Turn   | Place    | Note
--------------------------------------------------------------
     0 | D:1      | Kidiri the Troll Hunter began the quest for the Orb.
     0 | D:1      | Reached XP level 1. HP: 19/19 MP: 0/0
   109 | D:1      | Reached XP level 2. HP: 28/28 MP: 1/1
   339 | D:1      | Reached XP level 3. HP: 35/35 MP: 2/2
  1081 | D:2      | Found a hazy altar of Hepliaklqana.
  1164 | D:2      | Reached skill level 1 in Unarmed Combat
  1264 | D:2      | Reached XP level 4. HP: 44/44 MP: 3/3
  1477 | D:2      | Noticed a moth of wrath
  1480 | D:2      | Found a bloodstained altar of Trog.
  1755 | D:3      | Reached skill level 4 in Throwing
  1889 | D:3      | Noticed Terence
  1898 | D:3      | Killed Terence
  1898 | D:3      | Reached skill level 1 in Armour
  1898 | D:3      | Reached XP level 5. HP: 50/50 MP: 4/4
  2509 | D:4      | Noticed no0bjke's ghost (amateur TrWz)
  2515 | D:4      | Killed no0bjke's ghost
  2515 | D:4      | Reached XP level 6. HP: 50/61 MP: 5/5
  2538 | D:4      | Found a sacrificial altar of Ru.
  2583 | D:4      | Found a shattered altar of Ashenzari.
  3121 | D:5      | Entered Level 5 of the Dungeon
  3127 | D:5      | Noticed a water moccasin
  3145 | D:5      | Killed a water moccasin
  3145 | D:5      | Reached XP level 7. HP: 45/67 MP: 6/6
  3150 | D:5      | Reached skill level 5 in Throwing
  3694 | D:5      | Gained mutation: Scrolls take you a little longer to read. [mutagenic meat]
  3723 | D:5      | You fall through a shaft!
  3830 | D:6      | Reached XP level 8. HP: 20/78 MP: 7/7
  5136 | D:7      | Reached skill level 6 in Throwing
  5666 | D:7      | Found a staircase to the Ecumenical Temple.
  5673 | Temple   | Entered the Ecumenical Temple
  5955 | D:7      | Reached skill level 5 in Fighting
  5955 | D:7      | Reached skill level 5 in Dodging
  6022 | D:7      | Reached XP level 9. HP: 88/88 MP: 8/8
  6334 | D:8      | Noticed Prince Ribbit
  6354 | D:8      | HP: 1/88 [Prince Ribbit (15)]
  6357 | D:8      | Slain by Prince Ribbit

Vault maps used:
D:1:      moated_graveyard_arrival
D:2:      nicolae_overflow_crystal_walls, tgw_trog
D:3:      first_bread, minmay_hedge_maze, uniq_terence
D:4:      lemuel_round_altar, nicolae_ashenzari_panopticon, minivault_4
D:5:      wad_lake_hut
D:6:      serial_glass, glass_columns_b, glass_columns_a
D:7:      temple_statues
D:8:      gammafunk_temple_overflow_statue, minitemple, uniq_erica,
          uniq_prince_ribbit1, uniq_gastronok
Temple:   temple_eino_lava_12

Skill      XL: |  1  2  3  4  5  6  7  8 |
---------------+-------------------------+-----
Dodging        | 2 3 4 5 |  5.1
Fighting       | 2 3 4 5 |  5.2
Unarmed Combat | 1 2 4 |  4.0
Throwing       | 4 5 6 |  6.6
Armour         | 1 2 |  2.9
Stealth        | |  0.4
Evocations     | |  0.3

Action                   |  1- 3 |  4- 6 |  7- 9 || total
-------------------------+-------+-------+-------++-------
Melee: Unarmed           |    89 |   213 |   175 ||   477
       Punch             |       |     1 |     4 ||     5
Throw: Stone             |    58 |   118 |   106 ||   282
       Large rock        |       |     5 |    42 ||    47
  Use: Scroll            |     3 |     2 |    12 ||    17
       Potion            |       |       |     4 ||     4
 Stab: Sleeping          |       |     3 |       ||     3
  Eat: Chunk             |    17 |    17 |    31 ||    65
Armor: Robe              |    19 |    29 |    49 ||    97
Dodge: Dodged            |    32 |    44 |    82 ||   158
